 Dungeon Crawl Stone Soup version 0.24.0-1-gfbc8707122 (webtiles) character file.

Game seed: 4371106573142943613, levelgen mode: deterministic

5181 Amplified the Fighter (level 10, -3/101 HPs)
             Began as a Centaur Ice Elementalist on Oct 26, 2019.
             Was an Initiate of Ru.
             Slain by a killer bee (10 damage)
             ... on level 10 of the Dungeon.
             The game lasted 00:17:34 (8723 turns).

Amplified the Fighter (Centaur Ice Elementalist)    Turns: 8723, Time: 00:17:34

Health: -3/101     AC: 15    Str: 12    XL:     10   Next: 34%
Magic:  14/14      EV:  7    Int: 14    God:    Ru [......]
Gold:   53         SH:  0    Dex: 14    Spells: 11/14 levels left

rFire    . . .     SeeInvis .   p - +7 long sword of Foolhardiness {elec, rC++ rN+}
rCold    + + +     Gourm    .   (no shield)
rNeg     + . .     Faith    .   a - +0 robe
rPois    .         Spirit   .   (no helmet)
rElec    .         Reflect  .   o - scarf {cloud immunity}
rCorr    .         Harm     .   s - +2 pair of gloves of Absence {+Blink MR+}
MR       +....                  z - +4 centaur barding {Fly}
Stlth    ++........             j - amulet of regeneration
HPRegen  0.66/turn              v - ring "Bidghebb" {rC+ Str+2}
MPRegen  0.14/turn              (no ring)

@: flying, lightly drained, very quick
A: large, hooves 3, deformed body, speed 2, tough skin 3
a: Renounce Religion, Evoke Blink, Stop Flying


You were on level 10 of the Dungeon.
You worshipped Ru.
Ru was noncommittal.
You were near starving.

You visited 1 branch of the dungeon, and saw 10 of its levels.

You collected 471 gold pieces.
You spent 418 gold pieces at shops.

Inventory:

Hand Weapons
 e - a +0 shortbow
 p - the +7 long sword of Foolhardiness (weapon) {elec, rC++ rN+}
   (You found it on level 4 of the Dungeon)

   Occasionally, upon striking a foe, it will discharge some electrical energy
   and cause terrible harm.
   It greatly protects you from cold.
   It protects you from negative energy.
Missiles
 g - 95 arrows
 k - 247 stones (quivered)
 m - 16 sling bullets
 y - 5 datura-tipped darts
Armour
 a - a +0 robe (worn)
 h - a +2 shield
 i - the +0 cloak "Noeffostry" {+Inv}
   (You bought it in a shop on level 6 of the Dungeon)

   It lets you turn invisible.
 o - a scarf of cloud immunity (worn)
 s - the +2 pair of gloves of Absence (worn) {+Blink MR+}
   (You bought it in a shop on level 6 of the Dungeon)

   It affects your resistance to hostile enchantments.
   It lets you blink.
 z - a +4 centaur barding of flying (worn)
Jewellery
 j - an amulet of regeneration (around neck)
 v - the ring "Bidghebb" (left hand) {rC+ Str+2}
   (You found it on level 7 of the Dungeon)

   [ring of protection from cold]

   It affects your strength (+2).
   It protects you from cold.
Wands
 d - a wand of digging (6)
 r - a wand of enslavement (8)
Scrolls
 f - 6 scrolls of remove curse
 l - 3 scrolls of enchant armour
 n - a scroll of amnesia
Potions
 b - a potion of brilliance
 q - a potion of ambrosia
 t - 2 potions of cancellation
 u - 2 potions of curing
 x - a potion of lignification {unknown}
Comestibles
 c - 19 rations


   Skills:
 * Level 13.2(12.7) Fighting
 * Level 5.3(4.9) Long Blades
   Level 1.6(1.3) Maces & Flails
   Level 1.3(0.9) Slings
 * Level 7.8(7.4) Bows
 - Level 1.3(1.0) Dodging
 - Level 1.1(0.7) Stealth
 - Level 2.7(2.3) Spellcasting
 - Level 0.8(0.5) Conjurations
 - Level 3.9(3.5) Ice Magic


You had 11 spell levels left.
You knew the following spells:

 Your Spells              Type           Power        Failure   Level  Hunger
a - Freeze                Ice            ##..         5%          1    #......
b - Throw Frost           Conj/Ice       #.....       16%         2    ###....

Your spell library contained the following spells:

 Spells                   Type           Power        Failure   Level  Hunger
 Ozocubu's Armour         Chrm/Ice       #.......     32%         3    ###....
 Throw Icicle             Conj/Ice       #.......     69%         4    #####..
 Summon Ice Beast         Ice/Summ       #.......     73%         4    #####..


Dungeon Overview and Level Annotations

Branches:
Dungeon (10/15)            Temple (0/1) D:7             Orc (0/2) D:9
   Lair: D:8-11

Altars:
Kikubaaqudgha
Makhleb
Ru
Sif Muna
Yredelemnul

Shops:
D:6 ![[   D:9 ?

Annotations:
D:3 Sigmund
D:9 Gastronok
D:10 Nergalle


Innate Abilities, Weirdness & Mutations

You have hooves in place of feet.
Armour fits poorly on your strangely shaped body.
You cover ground very quickly.
You have extremely tough skin. (AC +3)


Message History

You feel sick.
A black bear comes into view.
You feel better.
The black bear growls angrily.
The killer bee stings you.
The ogre hits you with a +0 giant club!!
* * * LOW HITPOINT WARNING * * *
The killer bee barely misses you.
Unknown command.
The killer bee stings you but does no damage.
Okay, then.
Okay, then.
The killer bee stings you!
* * * LOW HITPOINT WARNING * * *
The black bear bites you!
* * * LOW HITPOINT WARNING * * *
The black bear barely misses you.
The black bear claws you but does no damage.
The killer bee stings you!
You die...

#####.Z###.........#
#Z.# #.........#
#.Z# #......O..#
#.y# #......... #OS#
#...####. #..# ...#
#hZ# .# #.y###...#
#..@.....#
#........#
#..###...# #..# ..#
...# .# #...# #
#...# #...


You could see 2 spectral orc warriors, a spectral orc warlord, a water moccasin,
a black bear, an ogre and 2 killer bees.

Vanquished Creatures
  Erolcha (D:9)
  An orc sorcerer (D:8)
  The ghost of Emblim88 the Slasher, a novice MiMo (D:6)
  A troll (D:10)
  3 hippogriffs
  A spriggan (D:7)
  Eustachio (D:6)
  Menkaure (D:6)
  Edmund (D:6)
  An orc warrior (D:9)
  An ice beast (D:8)
  A sky beast (D:9)
  2 phantoms (D:4)
  4 ogres
  5 centaurs
  3 bullfrogs
  2 scorpions
  A killer bee (D:10)
  A howler monkey (D:8)
  3 centaur zombies
  2 crimson imps
  3 hounds
  An orc priest (D:9)
  A bullfrog skeleton (D:9)
  3 iguanas
  7 worker ants
  A killer bee zombie (D:9)
  7 gnolls
  8 adders
  3 shadow imps
  2 oozes (D:1)
  An adder skeleton (D:4)
  2 worms
  A dart slug (D:2)
  6 leopard geckos
  15 orcs
  A ball python (D:2)
  8 bats
  5 giant cockroaches
  5 goblins
  5 hobgoblins
  2 quokkas
  4 frilled lizards
  3 kobolds
  9 rats
140 creatures vanquished.

Vanquished Creatures (collateral kills)
  An orc wizard (D:9)
1 creature vanquished.

Vanquished Creatures (others)
  The ghost of Setanta the Skirmisher, an amateur OpWn (D:6)
  2 withered plants (D:6)
3 creatures vanquished.

Grand Total: 144 creatures vanquished

Notes
Turn   | Place    | Note
-------+----------+-------------------------------------------
     0 | D:1      | Amplified the Centaur Ice Elementalist began the quest for
                  | the Orb.
     0 | D:1      | Reached XP level 1. HP: 14/14 MP: 3/3
   518 | D:2      | Reached XP level 2. HP: 21/22 MP: 1/4
   723 | D:2      | Reached skill level 1 in Fighting
   741 | D:2      | Learned a level 2 spell: Throw Frost
   957 | D:2      | Found a sacrificial altar of Ru.
  1030 | D:2      | Reached XP level 3. HP: 28/28 MP: 6/6
  1088 | D:2      | Became a worshipper of Ru the Awakened
  1516 | D:2      | Reached skill level 1 in Slings
  1930 | D:1      | Reached XP level 4. HP: 16/36 MP: 4/7
  2495 | D:1      | Reached skill level 2 in Fighting
  2780 | D:3      | Reached skill level 1 in Maces & Flails
  2780 | D:3      | Reached XP level 5. HP: 36/41 MP: 8/8
  2884 | D:3      | Noticed Sigmund
  2895 | D:3      | Reached skill level 11 in Fighting
  2895 | D:3      | Reached XP level 6. HP: 70/70 MP: 9/9
  3083 | D:4      | Reached skill level 12 in Fighting
  3222 | D:4      | Reached XP level 7. HP: 57/77 MP: 11/11
  3380 | D:4      | Found a basalt altar of Yredelemnul.
  3386 | D:4      | Got a warped long sword
  3387 | D:4      | Identified the +7 long sword of Foolhardiness {elec, rC++
                  | rN+} (You found it on level 4 of the Dungeon)
  3525 | D:4      | Reached skill level 1 in Bows
  3752 | D:4      | Reached skill level 1 in Long Blades
  3824 | D:5      | Entered Level 5 of the Dungeon
  3947 | D:5      | You fall into a shaft and drop 1 floor!
  3970 | D:6      | Noticed Edmund
  4048 | D:6      | Killed Edmund
  4165 | D:6      | Found a runed translucent gate.
  4168 | D:6      | Found a runed translucent gate.
  4300 | D:6      | Found Yngatimu's Antique Armour Shoppe.
  4311 | D:6      | Reached XP level 8. HP: 64/83 MP: 12/12
  4419 | D:6      | Found Odghaufe's Antique Armour Shop.
  4501 | D:6      | Noticed Eustachio
  4519 | D:6      | Killed Eustachio
  4629 | D:6      | Found Iplomot's Distillery.
  4684 | D:6      | Noticed Menkaure
  4695 | D:6      | Killed Menkaure
  4735 | D:6      | Found a runed translucent gate.
  4737 | D:6      | Noticed Setanta's ghost (amateur OpWn)
  4738 | D:6      | Noticed Emblim88's ghost (novice MiMo)
  4841 | D:6      | Found a basalt altar of Yredelemnul.
  4918 | D:6      | Bought a warped cloak for 209 gold pieces
  4923 | D:6      | Identified the +0 cloak "Noeffostry" {+Inv} (You bought it
                  | in a shop on level 6 of the Dungeon)
  4989 | D:7      | Found an ancient bone altar of Kikubaaqudgha.
  5138 | D:7      | Got a fine platinum ring
  5139 | D:7      | Identified the ring "Bidghebb" {rC+ Str+2} (You found it on
                  | level 7 of the Dungeon)
  5154 | D:7      | Noticed a hippogriff
  5175 | D:7      | Killed a hippogriff
  5219 | D:7      | Found a staircase to the Ecumenical Temple.
  5348 | D:7      | Found a burning altar of Makhleb.
  5363 | D:7      | Found a sacrificial altar of Ru.
  5766 | D:8      | Noticed an orc sorcerer
  5767 | D:8      | Noticed an ice devil
  5857 | D:8      | Reached XP level 9. HP: 51/91 MP: 13/13
  6408 | D:8      | Reached skill level 5 in Bows
  6663 | D:8      | Killed an orc sorcerer
  7358 | D:9      | Found a staircase to the Orcish Mines.
  7533 | D:9      | Found Zabbac's Magic Scroll Emporium.
  7860 | D:9      | Found a shimmering blue altar of Sif Muna.
  7923 | D:9      | Noticed Erolcha
  7929 | D:9      | Killed Erolcha
  7929 | D:9      | Reached skill level 13 in Fighting
  7929 | D:9      | Reached skill level 5 in Long Blades
  7929 | D:9      | Reached XP level 10. HP: 52/101 MP: 14/14
  8140 | D:9      | Noticed Gastronok
  8146 | D:10     | Entered Level 10 of the Dungeon
  8159 | D:10     | Noticed Nergalle
  8258 | D:6      | Bought a pair of translucent gloves for 209 gold pieces
  8268 | D:6      | Identified the +2 pair of gloves of Absence {+Blink MR+}
                  | (You bought it in a shop on level 6 of the Dungeon)
  8334 | D:6      | Your ally Setanta died
  8351 | D:6      | Killed Emblim88's ghost
  8701 | D:10     | Noticed a spectral orc warlord
  8723 | D:10     | Slain by a killer bee

Levels and vault maps discovered:
D:1:      dpeg_arrival_long_road, layout_loops_ring, serial_glass,
          glass_columns_b, glass_columns_b, glass_columns_a, glass_columns_a,
          glass_columns_c, glass_columns_a, glass_columns_b, glass_columns_a,
          due_unseen_surprise, feat_on_display, feat_on_display,
          item_on_display_b, kennysheep_doodads, nrook_loot_triangle
D:2:      layout_basic, marbit_many_paths
D:3:      layout_basic, amethyst_overflow_temple_binary, uniq_sigmund
D:4:      layout_loops_ring, kennysheep_little_box, first_ration
D:5:      layout_loops_ring, lemuel_doored_altar, roderic_nine_men_s_morris
D:6:      layout_loops_ring, basic_altar, gammafunk_ghost_cemetery,
          serial_shops, nicolae_shop_competitors_out_of_business,
          nicolae_shop_temple_entry_statues_fountains, shop, uniq_eustachio,
          uniq_edmund, uniq_menkaure
D:7:      layout_gridville, nicolae_overflow_hidden_temple, kennysheep_mini,
          minmay_temple_entry_metal_lava, the_bakery,
          nicolae_ru_the_path_less_chosen
D:8:      cheibrodos_wizards_tower, layout_gridville, corexii_leaking_fountain
D:9:      layout_roguey, lemuel_crystal_altar, david_orc_2, serial_shops,
          nicolae_shop_crystal, uniq_erolcha, uniq_gastronok
D:10:     layout_long_grid, erik_lair_dragon, uniq_nergalle, uniq_erica

Skill      XL: |  1  2  3  4  5  6  7  8  9 |
---------------+----------------------------+-----
Fighting       | 1 2 11 12 13 | 13.2
Ice Magic      | 3 |  3.9
Spellcasting   | 2 |  2.7
Slings         | 1 |  1.3
Maces & Flails | 1 |  1.6
Bows           | 2 4 7 |  7.8
Long Blades    | 1 3 5 |  5.3
Dodging        | |  1.3
Stealth        | |  1.1
Conjurations   | |  0.8

Action                   |  1- 3 |  4- 6 |  7- 9 | 10-12 || total
-------------------------+-------+-------+-------+-------++-------
Melee: Unarmed           |    11 |       |       |       ||    11
       Kick              |    19 |     4 |    28 |     7 ||    58
       Flail             |    69 |    44 |       |       ||   113
       Long sword        |       |       |   117 |    24 ||   141
 Fire: Hunting sling     |     9 |   112 |     2 |       ||   123
       Shortbow          |       |       |   184 |    20 ||   204
 Cast: Freeze            |    21 |     9 |       |       ||    30
Invok: Reject Sacrifices |       |     1 |       |       ||     1
 Abil: Evoke Blink       |       |       |       |     1 ||     1
Evoke: Wand              |       |       |     8 |     5 ||    13
  Use: Scroll            |     3 |     5 |    11 |     4 ||    23
       Potion            |     2 |     5 |     5 |     2 ||    14
 Stab: Sleeping          |     1 |       |     1 |     1 ||     3
       Betrayed ally     |       |       |       |     1 ||     1
  Eat: Chunk             |     2 |     4 |    12 |       ||    18
Armor: Robe              |    76 |    50 |    62 |    23 ||   211
Dodge: Dodged            |   117 |    80 |   112 |    21 ||   330
       Rpst.: Long sword |       |       |    10 |     4 ||    14
